[Event "Titled Tuesday Blitz July 25 Late 2023"]
[White "Vifleemskaia, Svetlana"]
[Black "Plotkin, Victor"]
[WhiteFideId "4129490"]
[BlackFideId "2606674"]
[WhiteElo "2334"]
[BlackElo "2499"]
[Result "0-1"]
[Round "7"]
[TimeControl "180+2"]
[Date "2023.07.25"]
[WhiteClock "0:00:00"]
[BlackClock "0:01:10"]
[Board "93"]

1. d4 d5 2. c4 dxc4 3. Nf3 Nf6 4. e3 e6 5. Bxc4 c5 6. O-O Nc6 7. Nc3 a6 8. d5 exd5 9. Nxd5 Be6 10. Nxf6+ Qxf6 11. Bxe6 Qxe6 12. Bd2 Be7 13. Bc3 O-O 14. h3 Rfd8 15. Qc2 Rac8 16. b3 h6 17. Qb2 Bf6 18. Bxf6 Qxf6 19. Qxf6 gxf6 20. Rfd1 Kf8 21. Kf1 Ke7 22. Rac1 Rxd1+ 23. Rxd1 Ne5 24. Ke2 b5 25. g4 c4 26. bxc4 Rxc4 27. Nd4 Ra4 28. Rd2 b4 29. Rc2 a5 30. Nf5+ Kd7 31. Nxh6 Ra3 32. f4 Nc6 33. Nf5 a4 34. Kd2 b3 35. axb3 Rxb3 36. h4 a3 37. Kc1 Nb4 38. Rd2+ Nd3+ 39. Kc2 Rb2+ 40. Kxd3 Rxd2+ 41. Kxd2 a2 42. Ke2 a1=Q 43. Kf3 Qh1+ 44. Kg3 Qg1+ 45. Kf3 Ke6 46. h5 Kd5 47. h6 Kc4 48. Ng3 Qd1+ 49. Ne2 Kd3 0-1


[Site "https://www.chess.com"]

[Event "Titled Tuesday Blitz July 25 Late 2023"]
[White "campochess"]
[Black "Michalczak, Thomas"]
[BlackFideId "4622634"]
[WhiteElo "2191"]
[BlackElo "2490"]
[Result "1-0"]
[Round "7"]
[TimeControl "180+2"]
[Date "2023.07.25"]
[WhiteClock "0:00:55"]
[BlackClock "0:00:15"]
[Board "94"]

1. e4 e5 2. Bc4 Nf6 3. d3 Nc6 4. a3 a5 5. Nf3 Bc5 6. O-O d6 7. h3 h6 8. c3 Ba7 9. Nbd2 O-O 10. Re1 Re8 11. Nf1 Be6 12. Bxe6 Rxe6 13. Be3 Bxe3 14. Nxe3 d5 15. Nf5 dxe4 16. dxe4 Qf8 17. Nh2 Rd8 18. Qf3 Rd2 19. Re2 Qd8 20. Rae1 Rd1 21. Ng4 Nxg4 22. hxg4 Rxe1+ 23. Rxe1 Qd2 24. Qe2 Qxe2 25. Rxe2 Ne7 26. Ne3 b5 27. Rd2 Rd6 28. Rxd6 cxd6 29. Kf1 f6 30. Ke2 Kf7 31. Kd3 Ke6 32. c4 bxc4+ 33. Kxc4 Nc6 34. b4 axb4 35. axb4 g6 36. b5 Na5+ 37. Kb4 Nb7 38. b6 h5 39. gxh5 gxh5 40. Kb5 Kd7 41. Nd5 f5 42. exf5 Nc5 43. Nf6+ Ke7 44. Nxh5 Ne4 45. Kc6 Nc5 46. g4 Na6 47. g5 Nb8+ 48. Kd5 Kd7 49. g6 Nc6 50. f6 Nb4+ 51. Kc4 Na6 52. g7 d5+ 53. Kc3 1-0


[Site "https://www.chess.com"]

[Event "Titled Tuesday Blitz July 25 Late 2023"]
[White "Georg, Heinz"]
[Black "Alboredo, Julia"]
[WhiteFideId "4607295"]
[BlackFideId "2124807"]
[WhiteElo "2297"]
[BlackElo "2484"]
[Result "0-1"]
[Round "7"]
[TimeControl "180+2"]
[Date "2023.07.25"]
[WhiteClock "0:00:00"]
[BlackClock "0:00:26"]
[Board "95"]

1. c4 Nf6 2. Nc3 g6 3. d4 Bg7 4. e4 d6 5. Nf3 O-O 6. Be2 Na6 7. O-O e5 8. Bg5 exd4 9. Nxd4 h6 10. Be3 Nc5 11. f3 a5 12. Qd2 Kh7 13. Rac1 Ne6 14. Nc2 a4 15. Rfd1 Qe7 16. Nd5 Nxd5 17. cxd5 Nc5 18. Bd4 f5 19. exf5 Bxf5 20. Bxg7 Qxg7 21. Qd4 Rfe8 22. Qxg7+ Kxg7 23. Nd4 Bd7 24. Kf2 Re5 25. Nc2 Rae8 26. Rd2 g5 27. Nb4 Rf8 28. h3 Ne4+ 29. Ke1 Nxd2 30. Kxd2 c6 31. dxc6 bxc6 32. Nxc6 Rc5 33. Rxc5 dxc5 34. Ne5 Be6 35. Nc4 Rb8 36. Kc3 h5 37. b3 axb3 38. axb3 h4 39. Nd2 Bd5 40. Bc4 Bc6 41. Bd3 Ra8 42. Kb2 Re8 43. Ne4 Bxe4 44. Bxe4 Rd8 45. Kc3 Rd4 46. Bc2 Kf6 47. Be4 Ke5 48. Bb7 Kf4 49. Bc6 Kg3 50. Bb7 Kxg2 51. f4+ Kxh3 52. fxg5 Kg3 53. g6 Rg4 0-1


[Site "https://www.chess.com"]

[Event "Titled Tuesday Blitz July 25 Late 2023"]
[White "BeautiFullMindChess"]
[Black "slidingknight2775"]
[WhiteElo "2165"]
[BlackElo "2482"]
[Result "0-1"]
[Round "7"]
[TimeControl "180+2"]
[Date "2023.07.25"]
[WhiteClock "0:00:15"]
[BlackClock "0:00:06"]
[Board "96"]

1. e4 c6 2. d4 d5 3. exd5 cxd5 4. Bd3 Nc6 5. c3 Nf6 6. h3 e5 7. dxe5 Nxe5 8. Nf3 Nxd3+ 9. Qxd3 Bd6 10. O-O O-O 11. Be3 h6 12. Bd4 Be6 13. Nbd2 Re8 14. Rfe1 b6 15. a4 a5 16. Qb5 Rb8 17. Be5 Bxe5 18. Rxe5 Qc7 19. Rae1 Bd7 20. Rxe8+ Rxe8 21. Rxe8+ Bxe8 22. Qb3 Qc6 23. Nd4 Qxa4 24. Qxb6 Qd1+ 25. Nf1 a4 26. f3 Bd7 27. Kf2 Kh7 28. g4 Qc1 29. Qb4 Qd1 30. h4 Bxg4 31. fxg4 Ne4+ 32. Kg2 Qxg4+ 33. Kh1 Qxh4+ 34. Kg2 Qf2+ 35. Kh3 Qxf1+ 36. Kg4 Qg2+ 37. Kf4 Qg5+ 38. Kf3 Qf6+ 39. Kg4 g6 40. Qb8 h5+ 41. Kh3 Kg7 42. Qc7 Ng5+ 43. Kg2 Ne6 44. Nf3 Nf4+ 45. Kg3 Ne6 46. Qb8 g5 47. Kg2 g4 48. Ng1 Nf4+ 49. Kg3 Ng6 50. Kg2 h4 51. Qc7 h3+ 52. Kg3 Qh4+ 53. Kh2 Qf2+ 54. Kh1 Qg2# 0-1


[Site "https://www.chess.com"]

[Event "Titled Tuesday Blitz July 25 Late 2023"]
[White "Graham, Nathaniel"]
[Black "Urbina Perez, Juan Antonio"]
[WhiteFideId "2007983"]
[BlackFideId "2217368"]
[WhiteElo "2051"]
[BlackElo "2481"]
[Result "0-1"]
[Round "7"]
[TimeControl "180+2"]
[Date "2023.07.25"]
[WhiteClock "0:00:51"]
[BlackClock "0:02:00"]
[Board "97"]

1. e4 c5 2. Nf3 d6 3. d4 cxd4 4. Qxd4 Nf6 5. Nc3 Bd7 6. Bg5 Nc6 7. Qd2 e6 8. O-O-O Be7 9. Bf4 e5 10. Bg5 Be6 11. Kb1 O-O 12. Bxf6 Bxf6 13. Qxd6 Qb6 14. Qd2 Rfd8 15. Bd3 Nb4 16. Qe2 Rac8 17. Ka1 Qa5 18. a3 Rxc3 19. bxc3 Qxa3+ 20. Kb1 Ba2+ 21. Ka1 Qxc3# 0-1


[Site "https://www.chess.com"]

[Event "Titled Tuesday Blitz July 25 Late 2023"]
[White "marik_spb"]
[Black "zano2023"]
[WhiteElo "2474"]
[BlackElo "2041"]
[Result "1-0"]
[Round "7"]
[TimeControl "180+2"]
[Date "2023.07.25"]
[WhiteClock "0:00:14"]
[BlackClock "0:00:13"]
[Board "98"]

1. d4 e5 2. dxe5 d6 3. exd6 Bxd6 4. Nf3 Bg4 5. Nc3 Nf6 6. Bg5 Nc6 7. e3 Qe7 8. Nd5 Qe6 9. Bxf6 gxf6 10. Bc4 Qf5 11. Qd3 O-O-O 12. Qxf5+ Bxf5 13. O-O-O Rhg8 14. Rhg1 Be6 15. Bb3 f5 16. g3 Na5 17. Nf4 Nxb3+ 18. axb3 Bxf4 19. exf4 Bd5 20. Ne5 f6 21. Nd3 b6 22. Rge1 Bf3 23. Rd2 Rge8 24. Rxe8 Rxe8 25. c4 c5 26. b4 Rd8 27. bxc5 Be4 28. Nb4 Rxd2 29. Kxd2 bxc5 30. Na6 Bc6 31. Nxc5 Kc7 32. Kc3 Kd6 33. Kd4 a5 34. h4 h5 35. b3 Be8 36. Nb7+ 1-0


[Site "https://www.chess.com"]

[Event "Titled Tuesday Blitz July 25 Late 2023"]
[White "Butolo, Alexandru-Mircea"]
[Black "Pniaczek, Marek"]
[WhiteFideId "1261649"]
[BlackFideId "21800421"]
[WhiteElo "1856"]
[BlackElo "2468"]
[Result "1-0"]
[Round "7"]
[TimeControl "180+2"]
[Date "2023.07.25"]
[WhiteClock "0:00:33"]
[BlackClock "0:01:07"]
[Board "99"]

1. e4 e5 2. Nf3 Nc6 3. Bb5 a6 4. Bxc6 dxc6 5. O-O Bg4 6. h3 h5 7. d3 Qf6 8. Nbd2 O-O-O 9. Re1 Be6 10. Nf1 Be7 11. Bg5 Qg6 12. Qd2 f6 13. Be3 Bxh3 14. Nh4 Qg4 15. Nh2 Qxh4 16. g3 Qg5 17. Bxg5 fxg5 18. Nf3 Nh6 19. Nxe5 h4 20. Ng6 Rhe8 21. Nxe7+ Rxe7 22. Qxg5 Rde8 23. Qxh4 Bd7 24. f3 Rf7 25. Kg2 Ref8 26. Rf1 Rf6 27. g4 Rg6 28. g5 Nf7 29. f4 Rh8 30. Qg3 Bh3+ 31. Qxh3+ Rxh3 32. Kxh3 Rd6 33. Kg4 Kd7 34. e5 Rd4 35. Rae1 Nd8 36. Re4 Rd5 37. f5 Nf7 38. e6+ Ke7 39. f6+ Kf8 40. exf7 gxf6 41. Rxf6 Rxg5+ 42. Kxg5 1-0


[Site "https://www.chess.com"]

[Event "Titled Tuesday Blitz July 25 Late 2023"]
[White "Petesch, Gabriel"]
[Black "Krzywda, Andrzej"]
[WhiteFideId "2032465"]
[BlackFideId "1114565"]
[WhiteElo "2570"]
[BlackElo "2418"]
[Result "1-0"]
[Round "7"]
[TimeControl "180+2"]
[Date "2023.07.25"]
[WhiteClock "0:00:14"]
[BlackClock "0:00:00"]
[Board "100"]

1. Nf3 d5 2. d3 c5 3. g3 Nc6 4. Bg2 e5 5. Nc3 Be7 6. e4 d4 7. Nd5 Be6 8. O-O Nf6 9. Re1 O-O 10. Bg5 Nxd5 11. exd5 Bxd5 12. Bxe7 Qxe7 13. Nxe5 Nxe5 14. Bxd5 Qf6 15. Qe2 Rfe8 16. f3 Rad8 17. Bxb7 Rb8 18. Qe4 Rxb7 19. Qxb7 Rf8 20. Kg2 h5 21. Qe4 Ng6 22. h4 Qb6 23. b3 Qb4 24. Re2 a5 25. a4 Qb6 26. Rf1 Qf6 27. f4 Nxh4+ 28. gxh4 Qxh4 29. Qf3 Qf6 30. Qxh5 g6 31. Qh6 Qf5 32. Rh1 Qg4+ 33. Kf2 Qxf4+ 34. Qxf4 1-0


[Site "https://www.chess.com"]

[Event "Titled Tuesday Blitz July 25 Late 2023"]
[White "Garakov, Mikhael"]
[Black "Uzcategui Rodriguez, Alejandro"]
[WhiteFideId "4169034"]
[BlackFideId "3903400"]
[WhiteElo "2512"]
[BlackElo "2412"]
[Result "1-0"]
[Round "7"]
[TimeControl "180+2"]
[Date "2023.07.25"]
[WhiteClock "0:00:57"]
[BlackClock "0:00:00"]
[Board "101"]

1. e4 e6 2. d4 d5 3. Nc3 Nf6 4. e5 Nfd7 5. f4 c5 6. Nf3 Nc6 7. Be3 a6 8. Qd2 b5 9. a3 Qb6 10. Ne2 c4 11. c3 a5 12. g4 Rb8 13. f5 b4 14. axb4 axb4 15. Nf4 bxc3 16. bxc3 Nd8 17. Bh3 g6 18. fxe6 fxe6 19. O-O Qb2 20. Qxb2 Rxb2 21. Ng5 Nb8 22. Rfb1 Rxb1+ 23. Rxb1 Nbc6 24. Bg2 Bh6 25. h4 O-O 26. Nxd5 exd5 27. Bxd5+ Kg7 28. Bxc4 Bxg4 29. d5 Nxe5 30. Bd4 Rf5 31. d6 Bxg5 32. hxg5 Rxg5 33. Kf2 Kf8 34. Rb8 Ke8 35. Bb5+ Bd7 36. c4 1-0


[Site "https://www.chess.com"]

[Event "Titled Tuesday Blitz July 25 Late 2023"]
[White "Herman, Daniel"]
[Black "Tikhonov, Viacheslav"]
[WhiteFideId "30935008"]
[BlackFideId "44196407"]
[WhiteElo "2410"]
[BlackElo "2493"]
[Result "1-0"]
[Round "7"]
[TimeControl "180+2"]
[Date "2023.07.25"]
[WhiteClock "0:00:32"]
[BlackClock "0:00:07"]
[Board "102"]

1. d4 c6 2. c4 d5 3. cxd5 cxd5 4. Bg5 Nc6 5. Nc3 h6 6. Bh4 g5 7. Bg3 Bg7 8. e3 a6 9. Nf3 Bf5 10. Qb3 e6 11. Be2 Qd7 12. Na4 Na5 13. Qd1 Qc6 14. Rc1 Nc4 15. b3 b5 16. bxc4 bxa4 17. cxd5 Qxd5 18. Qxa4+ Kf8 19. O-O Nf6 20. Ne5 h5 21. h4 Ne4 22. Bf3 g4 23. Bxe4 Bxe4 24. Rc5 Qb7 25. Rc7 Qxc7 26. Nd7+ Qxd7 27. Qxd7 Bf6 28. Rc1 Kg7 29. Rc7 Bg6 30. Be5 Bxe5 31. dxe5 Kh6 32. Qe7 Rhd8 33. Qg5+ Kg7 34. Qf6+ Kg8 35. Re7 Rd1+ 36. Kh2 Rd2 37. Rxe6 fxe6 38. Qxg6+ Kh8 39. Qxh5+ Kg7 40. Qxg4+ Kh8 41. Qh5+ Kg7 42. Qg5+ Kh8 43. Qf6+ Kh7 44. Qxe6 Rad8 45. Qe7+ Kh8 46. f4 Rg8 47. Qf6+ Kh7 48. Qf5+ Kh8 49. Qh3 Rxa2 50. e6 a5 51. f5 a4 52. f6 a3 53. f7 Raxg2+ 54. Qxg2 Rxg2+ 55. Kxg2 Kg7 56. h5 a2 57. h6+ Kh7 58. f8=Q a1=Q 59. Qg7+ Qxg7+ 60. hxg7 Kxg7 61. Kf3 Kf6 62. Kf4 Ke7 63. Ke5 Ke8 64. Kf6 Kf8 65. e7+ Ke8 66. e4 Kd7 67. Kf7 Kc7 68. e8=Q Kd6 69. Qe6+ Kc7 70. Qd5 Kc8 71. Qd6 Kb7 72. Qc5 Ka8 73. Qb5 Ka7 74. Ke7 Ka8 75. Kd7 Ka7 76. Kc7 Ka8 77. Qb7# 1-0


[Site "https://www.chess.com"]

[Event "Titled Tuesday Blitz July 25 Late 2023"]
[White "D`Arruda, Ricardo D."]
[Black "Bazilius, Augustinas"]
[WhiteFideId "100692"]
[BlackFideId "12832251"]
[WhiteElo "2489"]
[BlackElo "2389"]
[Result "0-1"]
[Round "7"]
[TimeControl "180+2"]
[Date "2023.07.25"]
[WhiteClock "0:00:31"]
[BlackClock "0:00:42"]
[Board "103"]

1. d4 Nf6 2. Nf3 g6 3. Nc3 Bg7 4. e4 d6 5. Bg5 h6 6. Bh4 g5 7. Bg3 Nh5 8. Qd2 Nxg3 9. hxg3 Nd7 10. O-O-O c5 11. dxc5 Nxc5 12. e5 Be6 13. Bb5+ Kf8 14. exd6 Qxd6 15. Nd4 Qxd4 16. Qxd4 Bxd4 17. Rxd4 Kg7 18. b4 Na6 19. Bxa6 bxa6 20. f4 Rad8 21. Rhd1 Rc8 22. Kb2 a5 23. bxa5 Rc5 24. a4 Rb8+ 25. Nb5 a6 26. c4 Bxc4 27. Ka3 axb5 28. Kb4 Rcc8 29. a6 bxa4+ 0-1


[Site "https://www.chess.com"]

[Event "Titled Tuesday Blitz July 25 Late 2023"]
[White "Gerbelli Neto, Eduardo"]
[Black "Tifferet, Shaked"]
[WhiteFideId "2103281"]
[BlackFideId "2811529"]
[WhiteElo "2371"]
[BlackElo "2480"]
[Result "0-1"]
[Round "7"]
[TimeControl "180+2"]
[Date "2023.07.25"]
[WhiteClock "0:00:03"]
[BlackClock "0:00:10"]
[Board "104"]

1. e4 c5 2. Nc3 e6 3. f4 Nc6 4. Nf3 d5 5. Bb5 Nf6 6. e5 Nd7 7. Bxc6 bxc6 8. d3 a5 9. O-O Ba6 10. Ne2 c4 11. d4 c5 12. c3 cxd4 13. Nexd4 Nc5 14. f5 exf5 15. Nxf5 Nd3 16. Qe2 Bc8 17. Bg5 Qb6+ 18. N3d4 Bxf5 19. Rxf5 Bc5 20. Be3 Qxb2 21. Qxb2 Nxb2 22. Rb1 Na4 23. Rb5 O-O 24. Kf2 Rac8 25. Rxa5 Nxc3 26. Kf3 Ne4 27. Nc2 Rfd8 28. Bxc5 Nxc5 29. Ra7 d4 30. Rfxf7 Rf8 31. Rxf8+ Rxf8+ 32. Kg4 d3 33. Ne3 c3 34. Rc7 Ne4 35. e6 Nf6+ 36. Kg3 Ne4+ 37. Kg4 g6 38. Nd5 Nf2+ 39. Kg3 Ne4+ 40. Kg4 h5+ 41. Kh3 d2 42. Ne7+ Kg7 43. Nf5+ Kf6 44. Ne3 Kxe6 45. Rc4 Ke5 46. Nc2 d1=Q 0-1


[Site "https://www.chess.com"]

[Event "Titled Tuesday Blitz July 25 Late 2023"]
[White "Papayan, Oleg"]
[Black "K2JW"]
[WhiteFideId "4193911"]
[WhiteElo "2475"]
[BlackElo "2364"]
[Result "1-0"]
[Round "7"]
[TimeControl "180+2"]
[Date "2023.07.25"]
[WhiteClock "0:00:15"]
[BlackClock "0:00:00"]
[Board "105"]

1. e4 c6 2. Nc3 d5 3. Nf3 Bg4 4. Qe2 d4 5. Nd1 e5 6. h3 Bxf3 7. Qxf3 Bd6 8. Bc4 Qd7 9. d3 f6 10. a4 c5 11. Qg4 Nc6 12. Bd2 g6 13. O-O f5 14. exf5 gxf5 15. Qh5+ Kd8 16. Bg5+ Kc7 17. f4 e4 18. dxe4 fxe4 19. f5 Nge7 20. Be6 Qe8 21. Qxe8 Rhxe8 22. Nf2 e3 23. Ne4 Ng6 24. Nxd6 Kxd6 25. Bf7 Nge5 26. Bxe8 Rxe8 27. f6 Kd5 28. Rf5 Ke6 29. g4 b6 30. f7 Nxf7 31. Rf6+ Ke7 32. Bh4 Nce5 33. Raf1 Kd7 34. Rxf7+ Nxf7 35. Rxf7+ Kc6 36. Rxh7 e2 37. Be1 Rf8 38. Bf2 Re8 39. g5 e1=Q+ 40. Bxe1 Rxe1+ 41. Kf2 Re5 42. g6 c4 43. g7 Rg5 44. h4 Rg4 45. h5 d3 46. cxd3 cxd3 47. Rh6+ Kc5 48. Rg6 Rf4+ 49. Ke3 d2 50. Kxd2 Rd4+ 51. Ke3 Rd8 52. g8=Q 1-0


[Site "https://www.chess.com"]

[Event "Titled Tuesday Blitz July 25 Late 2023"]
[White "Yeritsyan, Hayk"]
[Black "Topalov, Aleksandar"]
[WhiteFideId "13307320"]
[BlackFideId "925659"]
[WhiteElo "2469"]
[BlackElo "2361"]
[Result "1-0"]
[Round "7"]
[TimeControl "180+2"]
[Date "2023.07.25"]
[WhiteClock "0:02:41"]
[BlackClock "0:01:50"]
[Board "106"]

1. d4 e6 2. Nf3 f5 3. Bf4 Nf6 4. h3 Be7 5. e3 O-O 6. c3 d6 7. Be2 h6 8. O-O Ne4 9. Bh2 Bf6 10. Nbd2 Nxd2 11. Nxd2 Nc6 12. e4 e5 13. dxe5 Nxe5 14. exf5 Bxf5 15. Nf3 Nxf3+ 16. Bxf3 Rb8 17. Qd5+ Kh8 18. Qxf5 1-0


[Site "https://www.chess.com"]

[Event "Titled Tuesday Blitz July 25 Late 2023"]
[White "ExchangeAB"]
[Black "kiwibobo"]
[WhiteElo "2444"]
[BlackElo "2352"]
[Result "1-0"]
[Round "7"]
[TimeControl "180+2"]
[Date "2023.07.25"]
[WhiteClock "0:00:16"]
[BlackClock "0:00:02"]
[Board "107"]

1. d4 Nf6 2. Nc3 d5 3. Bf4 g6 4. e3 Bg7 5. h4 h5 6. Nf3 O-O 7. Ne5 c5 8. dxc5 Qa5 9. Qd4 Nc6 10. Nxc6 bxc6 11. b4 Qa3 12. Be5 Qb2 13. Rb1 Qa3 14. Kd1 Ne4 15. Bxg7 Nxf2+ 16. Kd2 e5 17. Bxe5 Ne4+ 18. Nxe4 dxe4 19. Bc4 Bg4 20. Bd6 Rad8 21. Rhf1 a5 22. Qf6 Bf5 23. Rxf5 gxf5 24. Bxf7+ Rxf7 25. Qxd8+ Kh7 26. Qg5 axb4 27. Qxh5+ Kg7 28. Be5+ Kf8 29. Qh8+ Ke7 30. Rb3 Qa5 31. Bd6+ Kd7 32. Qb8 Qb5 33. Qxb5 cxb5 34. Rxb4 Kc6 35. a4 bxa4 36. Rxa4 Rg7 37. g3 Rg4 38. Ra6+ Kd5 39. Ra7 Kc4 40. Rf7 Rg8 41. Rxf5 Kb5 42. Rf4 Kc6 43. Rxe4 Kd5 44. Rd4+ Kc6 45. h5 Rh8 46. Rh4 1-0


[Site "https://www.chess.com"]

[Event "Titled Tuesday Blitz July 25 Late 2023"]
[White "SilverCityIndigo"]
[Black "Xia, Brandon"]
[BlackFideId "30921880"]
[WhiteElo "2442"]
[BlackElo "2351"]
[Result "1-0"]
[Round "7"]
[TimeControl "180+2"]
[Date "2023.07.25"]
[WhiteClock "0:00:11"]
[BlackClock "0:00:10"]
[Board "108"]

1. a3 g6 2. h4 Nf6 3. h5 Nxh5 4. e4 d5 5. Rxh5 gxh5 6. Qxh5 dxe4 7. Bc4 e6 8. Nc3 Nc6 9. Nxe4 Bd7 10. d3 Nd4 11. Qe5 Nxc2+ 12. Kd1 Nxa1 13. Bg5 Qxg5 14. Nxg5 Rg8 15. Nxh7 O-O-O 16. b3 Rxg2 17. Nf3 Bg7 18. Qa5 Kb8 19. Nhg5 Bc6 20. Ke2 b6 21. Qd2 Rd7 22. Kf1 Bxf3 23. Nxf3 Rg6 24. a4 Bf6 25. a5 Rd8 26. Qa2 Rh8 27. Ke2 Rh1 28. Bb5 Rc1 29. Qa3 Rc2+ 30. Ke3 Rc5 31. Qa4 Nc2+ 32. Kd2 Rg2 33. Ke2 Rf5 34. axb6 cxb6 35. Bc6 Nd4+ 36. Nxd4 Rfxf2+ 37. Ke3 Bxd4+ 38. Kxd4 Rf4+ 39. Be4 Rg8 40. Qc6 Rd8+ 41. Ke3 Rxe4+ 42. Kxe4 Rd5 43. Qe8+ Kb7 44. Qxf7+ Ka6 45. Qxe6 Ra5 46. Qc4+ Rb5 47. b4 1-0


[Site "https://www.chess.com"]

[Event "Titled Tuesday Blitz July 25 Late 2023"]
[White "Ladan, Nicholas"]
[Black "Duarte, Leonardo"]
[WhiteFideId "30918855"]
[BlackFideId "110582"]
[WhiteElo "2433"]
[BlackElo "2349"]
[Result "0-1"]
[Round "7"]
[TimeControl "180+2"]
[Date "2023.07.25"]
[WhiteClock "0:00:17"]
[BlackClock "0:00:14"]
[Board "109"]

1. d4 d5 2. c4 dxc4 3. Nf3 Nf6 4. e3 e6 5. Bxc4 c5 6. e4 Nxe4 7. d5 exd5 8. Bxd5 Nf6 9. Bxf7+ Ke7 10. Qb3 g6 11. O-O Bg7 12. Re1+ Kf8 13. Bg5 Nc6 14. Re8+ Nxe8 15. Bxd8 Nxd8 16. Ng5 Nf6 17. Nc3 h6 18. Rd1 Nc6 19. Bxg6 Ne5 20. Nf7 Nxg6 21. Nxh8 Bxh8 22. Qc2 Kf7 23. Rd8 b6 24. Ne4 Bb7 25. Nd6+ Ke7 26. Nxb7 Rxd8 27. Nxd8 Ne5 28. Qe2 Nd5 29. Nc6+ Kd6 30. Nxe5 Bxe5 31. g3 b5 32. f4 Bd4+ 33. Kg2 c4 34. Kf3 Kc5 35. Qe8 Bxb2 36. Qf8+ Kc6 37. Qxh6+ Kc5 38. Qf8+ Kc6 39. f5 Bf6 40. Ke2 b4 41. g4 b3 42. axb3 cxb3 43. Qa3 b2 44. Qa2 b1=Q 45. Qxb1 Nc3+ 46. Kd3 Nxb1 47. Kc2 Nc3 48. g5 Be5 49. f6 Ne4 50. f7 Bg7 51. g6 Nd6 52. Kb3 Nf5 53. Ka4 Nh4 54. f8=Q Bxf8 55. Ka5 Kb7 56. Kb5 Nxg6 57. Ka5 Bg7 58. Kb5 Bf6 59. Ka5 Bh4 60. Kb5 Nf4 61. Kc4 Nh3 62. Kd4 Nf2 63. Ke3 Ng4+ 64. Kf3 Nxh2+ 65. Kg2 Nf1 66. Kh3 Ne3 67. Kxh4 Nd5 68. Kg3 Kb6 69. Kf2 Kb5 70. Ke2 Kb4 71. Kd1 Kb3 72. Kc1 a5 73. Kb1 a4 74. Ka1 Ne3 75. Kb1 a3 76. Ka1 Nc2+ 77. Kb1 a2+ 78. Kc1 a1=Q+ 79. Kd2 Qe1+ 80. Kd3 Qe3# 0-1


[Site "https://www.chess.com"]

[Event "Titled Tuesday Blitz July 25 Late 2023"]
[White "AndresDelgado77"]
[Black "Gatterer, Florian"]
[BlackFideId "811688"]
[WhiteElo "2328"]
[BlackElo "2431"]
[Result "1-0"]
[Round "7"]
[TimeControl "180+2"]
[Date "2023.07.25"]
[WhiteClock "0:00:26"]
[BlackClock "0:00:00"]
[Board "110"]

1. e4 c5 2. Nf3 e6 3. c3 d5 4. e5 d4 5. cxd4 cxd4 6. Bb5+ Bd7 7. Nxd4 Bc5 8. Bxd7+ Nxd7 9. Nf3 Ne7 10. d4 Bb6 11. Nc3 O-O 12. O-O Rc8 13. Be3 Nb8 14. Qd2 Nd5 15. Ne4 Ba5 16. Qe2 Bb4 17. Bg5 Qa5 18. a3 Be7 19. Bxe7 Nxe7 20. Nd6 Rc7 21. b4 Qd5 22. Rac1 Rxc1 23. Rxc1 Nbc6 24. Qe3 b6 25. b5 Na5 26. Rc7 Nf5 27. Nxf5 exf5 28. a4 Qa2 29. h4 Qxa4 30. e6 Qxb5 31. exf7+ Kh8 32. Qe7 Qb1+ 33. Kh2 Qb4 34. Qxb4 Rxf7 35. Rc8+ 1-0


[Site "https://www.chess.com"]

[Event "Titled Tuesday Blitz July 25 Late 2023"]
[White "Silva Lucena, Cristian"]
[Black "Francisco_Ferrari"]
[WhiteFideId "2232588"]
[WhiteElo "2427"]
[BlackElo "2222"]
[Result "1/2-1/2"]
[Round "7"]
[TimeControl "180+2"]
[Date "2023.07.25"]
[WhiteClock "0:01:52"]
[BlackClock "0:00:10"]
[Board "111"]

1. c4 Nf6 2. Nc3 e5 3. Nf3 Nc6 4. e4 Bc5 5. Nxe5 Nxe5 6. d4 Bb4 7. dxe5 Nxe4 8. Qf3 Nxc3 9. bxc3 Ba5 10. Qg3 Qe7 11. Be2 f6 12. exf6 Qxf6 13. O-O O-O 14. Ba3 Qxc3 15. Qxc3 Bxc3 16. Bxf8 Bxa1 17. Be7 Bf6 18. Bc5 d6 19. Be3 Bf5 20. Bf3 c6 21. Rd1 Be5 22. g4 Be6 23. Be2 Rf8 24. Rb1 b6 25. a4 Bf4 26. a5 Bxe3 27. fxe3 bxa5 28. Ra1 Rb8 29. Rxa5 Rb2 30. Kf1 Kf7 31. Rxa7+ Kf6 32. Rc7 c5 33. Rc6 Ke5 34. Rc7 Kf6 35. g5+ Kxg5 36. Rxg7+ Kh6 37. Re7 Bf5 38. Rf7 Bg6 39. Rf6 Kg5 40. Rxd6 Rb1+ 41. Kf2 Rb2 42. Rd5+ Kf6 43. Kf1 Rb1+ 44. Kf2 Rb2 45. Kf3 h5 46. Rxc5 h4 47. Rc6+ Kg5 48. Rc5+ Kh6 49. Rd5 Bh5+ 50. Kf4 Rxe2 51. c5 Rc2 52. e4 Bg6 53. Ke5 Re2 54. Rd3 Rc2 55. Kd6 Bxe4 56. Rd4 Bg6 57. Rxh4+ Kg5 58. Rd4 Bf5 59. c6 Kf6 60. h4 Rc3 61. Kc7 Ke7 62. Rd5 Rxc6+ 63. Kxc6 Be4 64. Kc5 Bxd5 65. Kxd5 Kf8 66. Ke5 Kg8 67. Kf6 Kh8 68. Kg6 Kg8 69. h5 Kh8 70. h6 Kg8 71. h7+ Kh8 72. Kh6 1/2-1/2


[Site "https://www.chess.com"]

[Event "Titled Tuesday Blitz July 25 Late 2023"]
[White "JERO-8914"]
[Black "Senft, Sean"]
[BlackFideId "2044960"]
[WhiteElo "2484"]
[BlackElo "2319"]
[Result "0-1"]
[Round "7"]
[TimeControl "180+2"]
[Date "2023.07.25"]
[WhiteClock "0:00:13"]
[BlackClock "0:01:47"]
[Board "112"]

1. e4 c5 2. Nf3 d6 3. Bb5+ Bd7 4. Bxd7+ Nxd7 5. O-O Ngf6 6. Qe2 e6 7. b3 Be7 8. Bb2 O-O 9. c4 a6 10. Nc3 Qa5 11. d4 cxd4 12. Nxd4 Rac8 13. Rac1 Rfd8 14. Rfd1 Ne5 15. Nf3 Ng6 16. g3 Qh5 17. h4 Qg4 18. Kh2 Nh5 19. Ng1 Qxe2 20. Ngxe2 Nf6 21. f3 h6 22. Rd3 Ne5 23. Re3 Rd7 24. Na4 Rcd8 25. Rd1 Neg4+ 26. fxg4 Nxg4+ 27. Kg1 Nxe3 28. Rd3 Ng4 29. Ba3 Ne5 30. Rd1 Nc6 31. Nb6 Rc7 32. Nf4 g5 33. hxg5 hxg5 34. Nd3 d5 35. Bxe7 Nxe7 36. cxd5 exd5 37. Nb4 d4 38. N4d5 Nxd5 39. Nxd5 f5 40. Rxd4 fxe4 41. Nf6+ Kf7 42. Rxd8 Kxf6 43. Kf2 Kf5 44. Ke3 Rc3+ 45. Kd4 Rd3+ 0-1


[Site "https://www.chess.com"]

[Event "Titled Tuesday Blitz July 25 Late 2023"]
[White "Fajdetic, Hrvoje"]
[Black "Estrada Nieto, Julian"]
[WhiteFideId "14501945"]
[BlackFideId "5101018"]
[WhiteElo "2326"]
[BlackElo "2471"]
[Result "1/2-1/2"]
[Round "7"]
[TimeControl "180+2"]
[Date "2023.07.25"]
[WhiteClock "0:00:17"]
[BlackClock "0:00:33"]
[Board "113"]

1. f4 d5 2. Nf3 g6 3. e3 Bg7 4. d4 Nf6 5. Bd3 Bf5 6. O-O O-O 7. b3 Ne4 8. Bb2 Nd7 9. c4 c6 10. Nc3 Nxc3 11. Bxc3 Bxd3 12. Qxd3 Nf6 13. Be1 Ne4 14. Nd2 f5 15. Bh4 Bf6 16. Bxf6 exf6 17. cxd5 Nxd2 18. Qxd2 Qxd5 19. Rac1 Rfe8 20. Rc3 Rad8 21. a4 c5 22. Rd1 cxd4 23. Qxd4 Qxd4 24. Rxd4 Rxd4 25. exd4 Rd8 26. Rc4 Rd7 27. Kf2 Kf7 28. Ke3 Ke6 29. Rc5 b6 30. Rc6+ Ke7 31. a5 bxa5 32. Ra6 Rb7 33. Kf2 g5 34. Rxa5 Ke6 35. d5+ Kd6 36. Ra6+ Kxd5 37. Rxf6 gxf4 38. Rxf5+ Ke4 39. Ra5 Rxb3 40. Rxa7 Rb2+ 41. Kf1 h5 42. Re7+ Kf5 43. Rf7+ Kg5 44. Rg7+ Kh4 45. Rf7 Kg4 46. Rg7+ Kf5 47. Rf7+ Kg5 48. Rg7+ Kf6 49. Rh7 Kg6 50. Rh8 f3 51. gxf3 Rxh2 52. Rg8+ Kf5 53. Rg2 Rh1+ 54. Kf2 h4 55. Rg4 Rh2+ 56. Kg1 Rb2 57. Rxh4 Kg5 58. Rg4+ Kf5 59. Rg2 Rb3 60. Kf2 Rb2+ 61. Kg3 Rb4 62. Rc2 Rb5 63. Rc4 Kg5 64. Rg4+ Kf5 65. Rh4 Kg5 66. Rg4+ Kf5 67. Rc4 Kg5 68. Rc3 Kf5 69. Ra3 Kg5 70. Ra8 Kf5 71. Rg8 Kf6 72. Rg4 Kf5 1/2-1/2


[Site "https://www.chess.com"]